TOP OF THE 1ST |
Birmingham Barons batting - Pitching for Indiana Hounds : RHP Ho Lopan
|
Pitching: RHP Ho Lopan
|
|
Batting: SHB Anastasio Ortíz
|
0-0: Ball 1-0: Ball 2-0: Ball 3-0: Called Strike 3-1: Base on Balls
|
Batting: RHB Vicente Carona
|
0-0: Called Strike 0-1: Called Strike 0-2: 2-RUN HOME RUN (Flyball, 7D), Distance : 355 ft
|
Batting: RHB Jean-Paul St-Pierre
|
0-0: Called Strike 0-1: Foul Ball, location: 2F 0-2: Ball 1-2: SINGLE (Groundball, 6MD)
|
Batting: RHB Eric Johnson
|
0-0: Ball 1-0: Ball 2-0: Called Strike 2-1: Swinging Strike 2-2: Ball 3-2: Fly out, F5 (Line Drive, 56)
|
Batting: RHB Manny Sánchez
|
0-0: Called Strike 0-1: Swinging Strike 0-2: Ball 1-2: Strikes out looking
|
Batting: RHB Júlio Pacheco
|
0-0: Ball 1-0: Called Strike 1-1: Foul Ball, location: 2F 1-2: Ball 2-2: Ball 3-2: Base on Balls Jean-Paul St-Pierre to second
|
Batting: RHB Dave Dawson
|
0-0: Called Strike 0-1: Ball 1-1: Swinging Strike 1-2: Strikes out swinging
|
Top of the 1st over - 2 run(s), 2 hit(s), 0 error(s), 2 left on base; Birmingham 2 - Indiana 0 |
BOTTOM OF THE 1ST |
Indiana Hounds batting - Pitching for Birmingham Barons : RHP Manuel Romero
|
Pitching: RHP Manuel Romero
|
|
Batting: RHB Will Brown
|
0-0: Called Strike 0-1: Ball 1-1: Foul Ball, location: 2F 1-2: Foul Ball, location: 2F 1-2: Ball 2-2: Foul Ball, location: 2F 2-2: Foul Ball, location: 2F 2-2: Strikes out swinging
|
Batting: LHB Joe Sanders
|
0-0: Ball 1-0: Ball 2-0: Ball 3-0: Called Strike 3-1: SINGLE (Groundball, 15S) (infield hit)
|
Batting: RHB Doug Murray
|
0-0: Called Strike 0-1: Foul Ball, location: 2F 0-2: SINGLE (Line Drive, 78M) Joe Sanders to second
|
Batting: RHB Barney Lawson
|
0-0: Ball 1-0: Foul Ball, location: 2F 1-1: Foul Ball, location: 2F 1-2: Ball 2-2: Fielders Choice at 2nd, 4-6 (Groundball, 4) Joe Sanders to third
|
Batting: RHB Danny Walker
|
0-0: Swinging Strike 0-1: Swinging Strike 0-2: Foul Ball, location: 2F 0-2: Fly out, F8 (Flyball, 8RD)
|
Bottom of the 1st over - 0 run(s), 2 hit(s), 0 error(s), 2 left on base; Birmingham 2 - Indiana 0 |
TOP OF THE 2ND |
Birmingham Barons batting - Pitching for Indiana Hounds : RHP Ho Lopan
|
Batting: RHB Ingo Backx
|
0-0: Called Strike 0-1: Ball 1-1: Ground out 1-3 (Groundball, 13S)
|
Batting: RHB David Raymos
|
0-0: Called Strike 0-1: Called Strike 0-2: Ball 1-2: Ball 2-2: Foul Ball, location: 2F 2-2: Strikes out swinging
|
Batting: SHB Anastasio Ortíz
|
0-0: Fly out, F5 (Popup, 25F)
|
Top of the 2nd over - 0 run(s), 0 hit(s), 0 error(s), 0 left on base; Birmingham 2 - Indiana 0 |
BOTTOM OF THE 2ND |
Indiana Hounds batting - Pitching for Birmingham Barons : RHP Manuel Romero
|
Batting: RHB António Venecia
|
0-0: SINGLE (Line Drive, 78S)
|
Batting: LHB Clint Parkinson
|
0-0: Ball 1-0: Called Strike 1-1: Foul Ball, location: 2F 1-2: Reached on Error, E8 (Flyball, 8RD) António Venecia to third
|
Batting: LHB Pepe Vázquez
|
0-0: Ball 1-0: Ball 2-0: SINGLE (Line Drive, 56) António Venecia scores Clint Parkinson to third Runner from 3rd tries for Home, SAFE, throw made home Pepe Vázquez to second
|
Batting: RHB Paco Castillo
|
0-0: Ground out 5-3 (Groundball, 5S) Pepe Vázquez to third
|
Batting: RHB Will Brown
|
0-0: Called Strike 0-1: Ball 1-1: Ball 2-1: Foul Ball, location: 2F 2-2: Fly out, F7 (Flyball, 7D) Runner from 3rd tags up, SCORES, no throw
|
Batting: LHB Joe Sanders
|
0-0: Called Strike 0-1: Called Strike 0-2: Ball 1-2: Ball 2-2: Foul Ball, location: 2F 2-2: Ball 3-2: Base on Balls
|
Batting: RHB Doug Murray
|
Pickoff Throw to First - Out!
|
Bottom of the 2nd over - 3 run(s), 2 hit(s), 1 error(s), 0 left on base; Birmingham 2 - Indiana 3 |
TOP OF THE 3RD |
Birmingham Barons batting - Pitching for Indiana Hounds : RHP Ho Lopan
|
Batting: RHB Vicente Carona
|
0-0: Called Strike 0-1: Called Strike 0-2: Fly out, F8 (Flyball, 78M)
|
Batting: RHB Jean-Paul St-Pierre
|
0-0: Ball 1-0: Foul Ball, location: 2F 1-1: Ball 2-1: Ball 3-1: SINGLE (Line Drive, 34)
|
Batting: RHB Eric Johnson
|
0-0: Ball 1-0: Called Strike 1-1: SINGLE (Groundball, 34D) Jean-Paul St-Pierre to second Runner from 2nd tries for 3rd, SAFE, no throw or cutoff
|
Batting: RHB Manny Sánchez
|
0-0: Swinging Strike 0-1: Ball 1-1: Ball 2-1: Ball 3-1: SINGLE (Line Drive, 6D) Jean-Paul St-Pierre scores Eric Johnson to second
|
Batting: RHB Júlio Pacheco
|
0-0: Ball 1-0: Called Strike 1-1: Fly out, F8 (Flyball, 78XD) Runner from 2nd tags up, SAFE at 3rd, no throw
|
Batting: RHB Dave Dawson
|
0-0: Ball 1-0: Ball 2-0: Called Strike 2-1: Foul Ball, location: 2F 2-2: Fly out, F3 (Popup, 3)
|
Top of the 3rd over - 1 run(s), 3 hit(s), 0 error(s), 2 left on base; Birmingham 3 - Indiana 3 |
BOTTOM OF THE 3RD |
Indiana Hounds batting - Pitching for Birmingham Barons : RHP Manuel Romero
|
Batting: RHB Doug Murray
|
0-0: Ball 1-0: Foul Ball, location: 2F 1-1: Swinging Strike 1-2: Ball 2-2: Strikes out looking
|
Batting: RHB Barney Lawson
|
0-0: Ball 1-0: Foul Ball, location: 2F 1-1: Ball 2-1: DOUBLE (Line Drive, 7D)
|
Batting: RHB Danny Walker
|
0-0: Ball 1-0: SINGLE (Groundball, 4M) Barney Lawson to third Runner from 3rd tries for Home, SAFE, no throw or cutoff
|
Batting: RHB António Venecia
|
0-0: Foul Ball, location: 2F 0-1: Ball Wild Pitch! Danny Walker to second 1-1: Called Strike 1-2: Strikes out looking
|
Batting: LHB Clint Parkinson
|
0-0: Fly out, F5 (Popup, 15)
|
Bottom of the 3rd over - 1 run(s), 2 hit(s), 0 error(s), 1 left on base; Birmingham 3 - Indiana 4 |
TOP OF THE 4TH |
Birmingham Barons batting - Pitching for Indiana Hounds : RHP Ho Lopan
|
Batting: RHB Ingo Backx
|
0-0: Ball 1-0: Ball 2-0: Ball 3-0: Called Strike 3-1: SOLO HOME RUN (Flyball, 9D), Distance : 365 ft
|
Batting: RHB David Raymos
|
0-0: Ball 1-0: Fly out, F9 (Popup, 4D)
|
Batting: SHB Anastasio Ortíz
|
0-0: Ball 1-0: Called Strike 1-1: Ball 2-1: SOLO HOME RUN (Flyball, 9LD), Distance : 320 ft
|
Batting: RHB Vicente Carona
|
0-0: Swinging Strike 0-1: Ball 1-1: Foul Ball, location: 2F 1-2: Ball 2-2: Foul Ball, location: 2F 2-2: SINGLE (Groundball, 4MD)
|
Batting: RHB Jean-Paul St-Pierre
|
0-0: Called Strike 0-1: Ball 1-1: Called Strike 1-2: Ball 2-2: Ball 3-2: Base on Balls Vicente Carona to second
|
Batting: RHB Eric Johnson
|
0-0: Ball 1-0: Called Strike 1-1: Swinging Strike 1-2: SINGLE (Line Drive, 8RS) Vicente Carona to third Jean-Paul St-Pierre to second
|
Batting: RHB Manny Sánchez
|
0-0: SINGLE (Groundball, 25) (infield hit) Vicente Carona scores Jean-Paul St-Pierre to third Eric Johnson to second
|
Batting: RHB Júlio Pacheco
|
0-0: Ground out 4-3 (Groundball, 4MS) Jean-Paul St-Pierre scores Eric Johnson to third Manny Sánchez to second
|
Batting: RHB Dave Dawson
|
0-0: Called Strike 0-1: Ground out 4-3 (Groundball, 4)
|
Top of the 4th over - 4 run(s), 5 hit(s), 0 error(s), 2 left on base; Birmingham 7 - Indiana 4 |
BOTTOM OF THE 4TH |
Indiana Hounds batting - Pitching for Birmingham Barons : RHP Manuel Romero
|
Batting: LHB Pepe Vázquez
|
0-0: SINGLE (Line Drive, 6M)
|
Batting: RHB Paco Castillo
|
0-0: Swinging Strike 0-1: Ball 1-1: Fielders Choice at 2nd, 6-4 (Groundball, 6)
|
Batting: RHB Will Brown
|
0-0: Ball 1-0: SINGLE (Groundball, 6M) Paco Castillo to second
|
Batting: LHB Joe Sanders
|
0-0: Ball Paco Castillo steals 3rd base Will Brown to second 1-0: Foul Ball, location: 2F 1-1: Ball 2-1: Ball 3-1: Base on Balls
|
Batting: RHB Doug Murray
|
0-0: Called Strike 0-1: Swinging Strike 0-2: Strikes out swinging
|
Batting: RHB Barney Lawson
|
0-0: Ball Wild Pitch! Paco Castillo scores Will Brown to third Joe Sanders to second 1-0: Ground out 6-3 (Groundball, 6)
|
Bottom of the 4th over - 1 run(s), 2 hit(s), 0 error(s), 2 left on base; Birmingham 7 - Indiana 5 |
TOP OF THE 5TH |
Birmingham Barons batting - Pitching for Indiana Hounds : RHP Ho Lopan
|
Batting: RHB Ingo Backx
|
0-0: Called Strike 0-1: Ball 1-1: Ball 2-1: Ball 3-1: Ground out 5-3 (Groundball, 56)
|
Pitching: RHP Ronald Moore
|
|
Batting: RHB David Raymos
|
0-0: Ball 1-0: Ground out 1-3 (Groundball, 15S)
|
Batting: SHB Anastasio Ortíz
|
0-0: Called Strike 0-1: Foul Ball, location: 2F 0-2: Ball 1-2: Ball 2-2: Ball 3-2: Strikes out looking
|
Top of the 5th over - 0 run(s), 0 hit(s), 0 error(s), 0 left on base; Birmingham 7 - Indiana 5 |
BOTTOM OF THE 5TH |
Indiana Hounds batting - Pitching for Birmingham Barons : RHP Manuel Romero
|
Now at 1B: Juan Jiménez
|
|
Batting: RHB Danny Walker
|
0-0: Ball 1-0: Fly out, F2 (Popup, 2LF)
|
Batting: RHB António Venecia
|
0-0: Called Strike 0-1: Ball 1-1: Ball 2-1: Ball 3-1: DOUBLE (Line Drive, 5L)
|
Batting: LHB Clint Parkinson
|
0-0: Ground out 4-3 (Groundball, 4) António Venecia to third
|
Batting: LHB Pepe Vázquez
|
0-0: Foul Ball, location: 2F 0-1: Ball 1-1: Called Strike 1-2: Ball 2-2: Strikes out swinging
|
Bottom of the 5th over - 0 run(s), 1 hit(s), 0 error(s), 1 left on base; Birmingham 7 - Indiana 5 |
TOP OF THE 6TH |
Birmingham Barons batting - Pitching for Indiana Hounds : RHP Ronald Moore
|
Batting: RHB Vicente Carona
|
0-0: SINGLE (Groundball, 56D)
|
Batting: RHB Jean-Paul St-Pierre
|
0-0: Ball 1-0: Swinging Strike 1-1: Swinging Strike 1-2: Strikes out swinging
|
Batting: RHB Eric Johnson
|
0-0: Ball 1-0: Ball 2-0: Ball 3-0: Called Strike 3-1: Called Strike 3-2: Foul Ball, location: 2F 3-2: Foul Ball, location: 2F 3-2: Foul Ball, location: 2F 3-2: Base on Balls Vicente Carona to second
|
Batting: RHB Manny Sánchez
|
0-0: Ball 1-0: Foul Ball, location: 2F 1-1: Ball 2-1: Swinging Strike 2-2: Strikes out swinging
|
Batting: RHB Júlio Pacheco
|
0-0: Called Strike 0-1: Foul Ball, location: 2F 0-2: SINGLE (Groundball, 4M) Vicente Carona to third Eric Johnson to second Runner from 3rd tries for Home, throw and OUT!
|
Top of the 6th over - 0 run(s), 2 hit(s), 0 error(s), 2 left on base; Birmingham 7 - Indiana 5 |
BOTTOM OF THE 6TH |
Indiana Hounds batting - Pitching for Birmingham Barons : RHP Manuel Romero
|
Batting: RHB Paco Castillo
|
0-0: Ball 1-0: Called Strike 1-1: Ground out 6-3 (Groundball, 6)
|
Batting: RHB Will Brown
|
0-0: Ball 1-0: Foul Ball, location: 2F 1-1: Foul Ball, location: 2F 1-2: Foul Ball, location: 2F 1-2: Ball 2-2: Ball 3-2: Strikes out looking
|
Batting: LHB Joe Sanders
|
0-0: Called Strike 0-1: Foul Ball, location: 2F 0-2: Foul Ball, location: 2F 0-2: Ball 1-2: Ball 2-2: Ball 3-2: DOUBLE (Line Drive, 9LS) - OUT at third base trying to stretch hit.
|
Bottom of the 6th over - 0 run(s), 1 hit(s), 0 error(s), 0 left on base; Birmingham 7 - Indiana 5 |
TOP OF THE 7TH |
Birmingham Barons batting - Pitching for Indiana Hounds : RHP Ronald Moore
|
Batting: RHB Dave Dawson
|
0-0: Ball 1-0: Ball 2-0: SINGLE (Popup, 6MD)
|
Batting: RHB Ingo Backx
|
0-0: Called Strike 0-1: Foul Ball, location: 2F 0-2: Strikes out looking
|
Pitching: RHP Teddy Mathews
|
|
Batting: RHB David Raymos
|
0-0: Ball 1-0: Grounds into double play, 4-6-3 (Groundball, 4M)
|
Top of the 7th over - 0 run(s), 1 hit(s), 0 error(s), 0 left on base; Birmingham 7 - Indiana 5 |
BOTTOM OF THE 7TH |
Indiana Hounds batting - Pitching for Birmingham Barons : RHP Manuel Romero
|
Pitching: RHP Domingo Ortíz
|
|
Batting: RHB Doug Murray
|
0-0: Foul Ball, location: 2F 0-1: Ball 1-1: Swinging Strike 1-2: Foul Ball, location: 2F 1-2: Ball 2-2: Strikes out swinging
|
Batting: RHB Barney Lawson
|
0-0: Called Strike 0-1: Ball 1-1: SINGLE (Line Drive, 7S)
|
Batting: RHB Danny Walker
|
0-0: Called Strike 0-1: Ball 1-1: Fly out, F8 (Flyball, 8LS)
|
Batting: RHB António Venecia
|
0-0: DOUBLE (Groundball, 3D) Barney Lawson to third
|
Batting: LHB Clint Parkinson
|
0-0: Ball 1-0: Fly out, F9 (Flyball, 9D)
|
Bottom of the 7th over - 0 run(s), 2 hit(s), 0 error(s), 2 left on base; Birmingham 7 - Indiana 5 |
TOP OF THE 8TH |
Birmingham Barons batting - Pitching for Indiana Hounds : RHP Teddy Mathews
|
Batting: RHB Juan Jiménez
|
0-0: Ball 1-0: Ball 2-0: Ball 3-0: Base on Balls
|
Batting: RHB Vicente Carona
|
0-0: Bunted foul 0-1: Sac Bunt - play at second, runner OUT -> throw to first, DP!
|
Batting: RHB Jean-Paul St-Pierre
|
0-0: Fly out, F9 (Flyball, 9S)
|
Top of the 8th over - 0 run(s), 0 hit(s), 0 error(s), 0 left on base; Birmingham 7 - Indiana 5 |
BOTTOM OF THE 8TH |
Indiana Hounds batting - Pitching for Birmingham Barons : RHP Domingo Ortíz
|
Batting: LHB Pepe Vázquez
|
0-0: Ball 1-0: Called Strike 1-1: Ball 2-1: Ball 3-1: Swinging Strike 3-2: Foul Ball, location: 2F 3-2: Base on Balls
|
Batting: RHB Paco Castillo
|
0-0: Ball 1-0: Ball 2-0: Foul Ball, location: 2F 2-1: Fly out, F8 (Flyball, 89M)
|
Pitching: RHP Jim Hicks
|
|
Batting: RHB Will Brown
|
0-0: Called Strike 0-1: Ball 1-1: Ball 2-1: Fielders Choice at 2nd, 6-4 (Groundball, 6)
|
Pitching: LHP Manuel Soto
|
|
Batting: LHB Joe Sanders
|
0-0: Foul Ball, location: 2F 0-1: Ball 1-1: Foul Ball, location: 2F 1-2: Ground out 4-3 (Groundball, 4)
|
Bottom of the 8th over - 0 run(s), 0 hit(s), 0 error(s), 1 left on base; Birmingham 7 - Indiana 5 |
TOP OF THE 9TH |
Birmingham Barons batting - Pitching for Indiana Hounds : RHP Teddy Mathews
|
Pitching: LHP Pedro Torres
|
|
Batting: RHB Eric Johnson
|
0-0: Called Strike 0-1: Foul Ball, location: 2F 0-2: Strikes out looking
|
Batting: RHB Manny Sánchez
|
0-0: Called Strike 0-1: Ball 1-1: Called Strike 1-2: Strikes out looking
|
Batting: RHB Júlio Pacheco
|
0-0: Fly out, F8 (Flyball, 8RXD)
|
Top of the 9th over - 0 run(s), 0 hit(s), 0 error(s), 0 left on base; Birmingham 7 - Indiana 5 |
BOTTOM OF THE 9TH |
Indiana Hounds batting - Pitching for Birmingham Barons : LHP Manuel Soto
|
Pitching: LHP Richard Simpson
|
|
Now at 2B: Andrew Curran
|
|
Now at SS: Vicente Elías
|
|
Batting: RHB Doug Murray
|
0-0: Swinging Strike 0-1: Foul Ball, location: 2F 0-2: Foul Ball, location: 2F 0-2: Foul Ball, location: 2F 0-2: Ball 1-2: Ball 2-2: Strikes out looking
|
Batting: RHB Barney Lawson
|
0-0: Ground out 6-3 (Groundball, 6)
|
Batting: RHB Danny Walker
|
0-0: Called Strike 0-1: Ball 1-1: Foul Ball, location: 2F 1-2: Ball 2-2: Foul Ball, location: 2F 2-2: SINGLE (Line Drive, 6M)
|
Pinch Hitting: RHB Jorge Rodríguez
|
0-0: Foul Ball, location: 2F 0-1: Ball 1-1: Foul Ball, location: 2F 1-2: Ball 2-2: Strikes out looking
|
Bottom of the 9th over - 0 run(s), 1 hit(s), 0 error(s), 1 left on base; Birmingham 7 - Indiana 5 |
|